 Dungeon Crawl Stone Soup version 0.27-a0-1149-g4505690ab0 (webtiles) character file.

Game seed: 5230481412853844641

35 sizableburger the Magician (level 3, -1/27 HPs)
             Began as a Mummy Warper on May 14, 2021.
             Killed from afar by Natasha (8 damage)
             ... with a magic dart
             ... on level 2 of the Dungeon.
             The game lasted 00:02:14 (1883 turns).

sizableburger the Magician (Mummy Warper)           Turns: 1883, Time: 00:02:14

Health: -1/27      AC:  3    Str: 14    XL:     3   Next: 17%
Magic:  7/7        EV: 11    Int: 13    God:
Gold:   76         SH:  0    Dex: 11    Spells: 7/7 levels left

rFire    x . .     SeeInvis .   g - +0 dagger
rCold    + . .     Faith    .   (no shield)
rNeg     + + +     Spirit   .   b - +0 leather armour
rPois    ∞         Reflect  .   (no helmet)
rElec    .         Harm     .   (no cloak)
rCorr    .         Rampage  .   (no gloves)
Will     .....                  (no boots)
Stlth    +.........             (no amulet)
HPRegen  0.09/turn              (no ring)
MPRegen  0.10/turn              (no ring)

@: no status effects
A: cold resistance 1, negative energy resistance 3, torment resistance 2, heat
vulnerability 1, no potions
a: no special abilities


You were on level 2 of the Dungeon.
You visited 1 branch of the dungeon, and saw 2 of its levels.

You collected 76 gold pieces.

Inventory:

Hand Weapons
 a - a +0 short sword
 g - a +0 dagger (weapon)
 h - a +0 trident
Missiles
 e - 3 boomerangs of dispersal (quivered)
Armour
 b - a +0 leather armour (worn)
Scrolls
 c - a scroll of vulnerability {unknown}
 d - a scroll of blinking
 f - a scroll of magic mapping


   Skills:
 - Level 2.0 Fighting
 - Level 2.5 Short Blades
 + Level 1.1 Polearms
 - Level 0.7 Throwing
 - Level 0.7 Armour
 - Level 1.5 Dodging
 - Level 2.6 Spellcasting
 - Level 2.5 Translocations


You had 7 spell levels left.
You didn't know any spells.
Your spell library contained the following spells:

 Spells                   Type           Power      Damage    Failure   Level
 Blink                    Tloc           N/A        N/A       16%         2
 Gell's Gravitas          Tloc           4%         N/A       32%         3
 Lesser Beckoning         Tloc           4%         N/A       32%         3
 Teleport Other           Tloc           8%         N/A       32%         3
 Manifold Assault         Tloc           8%         N/A       96%         5


Dungeon Overview and Level Annotations

Branches:
Dungeon (2/15)

Altars:

Annotations:
D:2 Natasha


Innate Abilities, Weirdness & Mutations

You are immune to poison.
Your flesh is cold resistant. (rC+)
You are immune to negative energy. (rN+++)
You are immune to unholy pain and torment.
You are vulnerable to heat. (rF-)
You do not drink.


Message History

Found 11 gold pieces.
Natasha is nearby!
Natasha is nearby!
Natasha completely misses you.
There is an open door here.
Unknown command.
You closely miss Natasha. Natasha casts a spell at you.
You resist with some effort.
You barely miss Natasha. Natasha claws you!
You miss Natasha. You hit Natasha but do no damage. Natasha misses you.
Throw: 5 boomerangs (disperse)
Press: ? - help, Q - select action Shift-Dir - straight line, f - Natasha
Aim: Natasha (47% to hit)
Okay, then.
You hit Natasha but do no damage. Natasha claws you!
* * * LOW HITPOINT WARNING * * *
You hit Natasha.
Natasha is lightly wounded.
Natasha barely misses you.
You can't drink.
Okay, then.
Throw: 5 boomerangs (disperse)
Press: ? - help, Q - select action Shift-Dir - straight line, f - Natasha
Aim: Natasha (lightly wounded, 47% to hit)
You throw a boomerang of dispersal.
The boomerang of dispersal completely misses Natasha.
Natasha barely misses you.
Throw: 4 boomerangs (disperse)
Press: ? - help, Q - select action Shift-Dir - straight line, f/p - Natasha
Aim: Natasha (lightly wounded, 47% to hit)
You throw a boomerang of dispersal.
The boomerang of dispersal hits Natasha.
Natasha blinks!
Natasha is moderately wounded.
Natasha barely misses you. Natasha casts a spell at you.
The magic dart hits you!
You die...

*,* *,,,,,,,,,* ##.## # *,*
*****,***** ##...## # *,*
*,* #.....#### # *,* *,*
#........#### *,*
#.#######.#.#........ ,,*
#.......#.#.#.##.#### ***
***####.#####.......##.#
*,,......h......#.####.#
*,,*+#+#+#@#'#..÷......#
*,,*,*,*,#§#.#.##.######
**,,**#########.##.#
*,,,*,#.#.#.#.#.##.# ###
*,#.#+#'#'#'#'#.##.# #..
*,#...........).##.# #.#
*,#####.#######....## ####.#
*,* #.....>.>...#...###.....
#.###.#.######.......##.##.#


You could see Natasha.

Vanquished Creatures
  2 endoplasms (D:1)
  2 giant cockroaches (D:1)
  4 goblins (D:1)
  4 jackals (D:1)
  2 kobolds
  3 quokkas
  2 ball pythons (D:1)
  3 bats (D:1)
  3 frilled lizards (D:1)
  8 rats
33 creatures vanquished.

Notes
Turn   | Place    | Note
-------+----------+-------------------------------------------
     0 | D:1      | sizableburger the Mummy Warper began the quest for the Orb.
     0 | D:1      | Reached XP level 1. HP: 16/16 MP: 4/4
   403 | D:1      | Reached XP level 2. HP: 22/22 MP: 5/5
   979 | D:1      | Found a faded altar of an unknown god.
  1492 | D:2      | Reached XP level 3. HP: 26/27 MP: 7/7
  1513 | D:2      | Reached skill level 1 in Polearms
  1874 | D:2      | Noticed Natasha
  1883 | D:2      | Killed from afar by Natasha

Illustrated notes

Levels and vault maps discovered:
D:1:      mrwooster_arrival_statue, layout_loops_ring,
          ebering_ecumenical_altar_webs
D:2:      layout_loops_corners, minmay_rat_gold_closets, uniq_natasha

Skill      XL: |  1  2  3 |
---------------+----------+-----
Short Blades   | 2 |  2.5
Polearms       | 1 |  1.1
Fighting       | |  2.0
Throwing       | |  0.7
Armour         | |  0.7
Dodging        | |  1.5
Spellcasting   | |  2.6
Translocations | |  2.5

Action                   || total
-------------------------++-------
Melee: Short sword       ||    23
       Dagger            ||   143
       Trident           ||     5
Throw: Boomerang         ||     2
  Use: Scroll            ||     1
 Stab: Sleeping          ||     1
Armor: Leather armour    ||    56
Dodge: Dodged            ||   103

Table legend: (Time is in decaauts)
 A = Elapsed time spent in this place.
 B = Non-inter-level travel time spent in this place.
 C = Inter-level travel time spent in this place.
 D = Time resting spent in this place.
 E = Time spent auto-exploring this place.
 F = Levels seen in this place.
 G = Mean time per level.
                   A        B        C        D        E       F      G
               +--------+--------+--------+--------+--------+-----+--------+
         Total |   1866 |   1820 |     46 |    707 |    854 |   2 |  933.0 |
       Dungeon |   1866 |   1820 |     46 |    707 |    854 |   2 |  933.0 |
               +--------+--------+--------+--------+--------+-----+--------+

Top non-repeatable levels by time:
     D:1: 1444 daAuts
     D:2: 421 daAuts
